 Dungeon Crawl Stone Soup version 0.31-a0-217-g58bb5d79cf (webtiles) character file.

Game seed: 8934204434848939896

10444 qw the Cleaver (level 11, -9/72 HPs)
             Began as a Gargoyle Fighter on July 2, 2023.
             Was a Believer of Okawaru.
             Mangled by a bog body (28 damage)
             ... on level 2 of the Lair of Beasts.
             The game lasted 00:04:57 (9058 turns).

qw the Cleaver (Gargoyle Fighter)                   Turns: 9058, Time: 00:04:58

Health: -9/72      AC: 26    Str: 29    XL:     11   Next: 62%
Magic:  13/14      EV: 15    Int: 10    God:    Okawaru [**....]
Gold:   336        SH:  6    Dex:  9    Spells: 10/10 levels left

rFire   . . .        Y - +0 broad axe
rCold   . . .        c - +0 buckler
rNeg    + . .        f - +1 plate armour {rPois}
rPois   inf          (no helmet)
rElec   +            (no cloak)
rCorr   .            (no gloves)
SInv    .            e - +0 pair of boots
Will    .....        (no amulet) Stlth
                     a - +5 ring of evasion
HPRegen 0.32/turn    p - +6 ring of strength
MPRegen 0.14/turn

%: no passive effects
@: about to teleport, heroic
A: sickness immunity, AC +8, negative energy resistance 1, electricity
resistance, torment resistance 1, petrification resistance
a: Renounce Religion, Heroism


You were on level 2 of the Lair of Beasts.
You worshipped Okawaru.
Okawaru was pleased with you.
You visited 3 branches of the dungeon, and saw 12 of its levels.

You collected 658 gold pieces.
You spent 322 gold pieces at shops.


Innate Abilities, Weirdness & Mutations

You are immune to sickness and miasma.
Your stone body is resilient. (AC +8)
You are immune to poison.
You resist negative energy. (rN+)
You are resistant to electric shocks. (rElec)
You are resistant to unholy torment.
You are immune to petrification.


   Skills:
 + Level 9.7(14.7) Fighting
 - Level 12.0(17.0) Axes
 - Level 1.2(6.2) Throwing
 - Level 8.0(13.0) Armour
 - Level 2.0(7.0) Dodging
 - Level 6.0(11.0) Shields
 - Level 4.0 Invocations


You had 10 spell levels left.
You didn't know any spells.
Your spell library was empty.

Inventory:

Hand Weapons
 i - the +0 whip "Pasoaryo" {flame, rElec rF++ rCorr Str-4}
   (You took it off an orc priest on level 9 of the Dungeon)

   Str:       It affects your strength (-4).
   rF:        It greatly protects you from fire.
   rElec:     It insulates you from electricity.
   rCorr:     It protects you from acid and corrosion.
 t - a +4 morningstar of freezing
 Y - a +0 broad axe (weapon)
Armour
 c - a +0 buckler (worn)
 e - a +0 pair of boots (worn)
 f - a +1 plate armour of poison resistance (worn)
 v - a +0 chain mail of cold resistance
Jewellery
 a - a +5 ring of evasion (left hand)
 k - a ring of fire
 p - a +6 ring of strength (right hand)
Scrolls
 o - 4 scrolls of identify
 q - a scroll of teleportation
Potions
 d - 3 potions of might
 g - 3 potions of attraction
 h - a potion of cancellation
 j - 2 potions of lignification
 l - a potion of heal wounds
 m - a potion of haste
 n - a potion of mutation
 s - a potion of enlightenment
 u - 2 potions of curing

Dungeon Overview and Level Annotations

Branches:
Dungeon (9/15)             Temple (1/1) D:7            Lair (2/5) D:9
  Swamp (0/4) Lair:2
  Snake: Lair:2-3    Spider: Lair:2-3       Orc: D:9-12

Altars:
Ashenzari
Cheibriados
Dithmenos
Elyvilon
Fedhas
Gozag
Hepliaklqana
Kikubaaqudgha
Makhleb
Okawaru
Qazlal
Ru
Trog
Uskayaw
Vehumet
Wu Jian
Xom
Yredelemnul
Zin
The Shining One

Shops:
D:6 !

Annotations:
D:5 2 transporters, qw's ghost, novice DEHu
D:9 1 runed translucent door


Message History

The wolf moves out of view.
The bog body touches you. The bog body freezes you!!
9050 ||| INVOKING Heroism.
You gain the combat prowess of a mighty hero.
The bog body casts a spell at you. The bolt of cold hits you.
You block the bog body's attack.
You closely miss the bog body. You slice the fungus!!
The fungus begins to die.
The bog body casts a spell at you.
The bolt of cold hits you but does no damage.
You slash the bog body!
The bog body is moderately damaged.
You completely miss the wolf. You slice the fungus!!
The wolf bites you but does no damage. The bog body misses you.
You slice the bog body!!
The bog body is almost destroyed.
You hit the wolf. You slash the fungus! The wolf completely misses you.
You slash the bog body!
You destroy the bog body!
Okawaru is honoured by your kill.
You hit the fungus. You closely miss the bog body. You slice the bog body!!
The bog body is severely damaged.
You slash the fungus! The wolf misses you. The bog body touches you.
The bog body freezes you!!
You slash the bog body!
The bog body is almost destroyed.
You hit the fungus. You barely miss the wolf.
A nearby fungus withers and dies.
The wolf bites you.
9057 ||| READING 2 scrolls of teleportation.
As you read the scroll of teleportation, it crumbles to dust.
You feel strangely unstable. The wolf closely misses you.
The bog body touches you but does no damage.
You block the wolf's attack.
9058 ||| DRINKING 2 potions of heal wounds.
You feel much better.
A wolf comes into view.
The bog body touches you! The bog body freezes you!!
You die... ........ #h.PP

.. #......###... #..
#..........~~ ....
#...... .¤¤¤77¤...
#......##¤¤¤¤¤~...
#....##.¤¤¤¤~~. .
#....###hn¤¤7¤...
#...<.###@.¤.....
#....#...#¤.##...
#...............
...................
.....[..............
....................
....................
....................
.................


You could see a bog body and 2 wolves.

Vanquished Creatures
  A bog body (Lair:2)
  2 black mambas (Lair:1)
  A torpor snail (Lair:1)
  2 cane toads (Lair:1)
  3 komodo dragons
  Grinder (D:4)
  12 yaks
  2 basilisks (Lair:1)
  A wraith (D:8)
  3 steam dragons
  Duvessa (D:7)
  5 water moccasins
  4 orc warriors
  2 sky beasts (D:7)
  A black bear (D:6)
  2 centaurs
  10 wolves (Lair:1)
  3 ogres
  A phantom (D:5)
  2 kobold brigands
  2 bullfrogs
  4 scorpions
  A gnoll sergeant (D:9)
  Blork the orc (D:4)
  5 wights (D:8)
  Dowan (D:7)
  4 howler monkeys
  A gnoll bouda (D:6)
  8 orc priests
  3 hounds
  A jelly (D:8)
  3 sleepcaps
  3 iguanas
  17 orc wizards
  Natasha (twice) (D:4)
  16 gnolls
  5 adders
  2 shadow imps
  4 dart slugs
  43 orcs
  5 endoplasms
  2 giant cockroaches
  A goblin (D:1)
  7 hobgoblins
  3 quokkas
  8 ball pythons
  5 bats
  2 frilled lizards
  14 kobolds
  11 rats
243 creatures vanquished.

Vanquished Creatures (others)
  An orc (D:5)
1 creature vanquished.

Grand Total: 244 creatures vanquished

Notes
Turn   | Place    | Note
-------+----------+-------------------------------------------
     0 | D:1      | qw the Gargoyle Fighter began the quest for the Orb.
     0 | D:1      | Reached XP level 1. HP: 14/14 MP: 1/1
     0 | D:1      | 0 ||| qw: Version: 0.3-a-40-ge99b1a8
     0 | D:1      | 0 ||| qw: Game counter: 160
     0 | D:1      | 0 ||| qw: Melee chars always use a shield: true
     0 | D:1      | 0 ||| qw: God list: Okawaru
     0 | D:1      | 0 ||| qw: Allow faded altars: false
     0 | D:1      | 0 ||| qw: Do Orc after clearing Dungeon:15 true
     0 | D:1      | 0 ||| qw: Do second Lair branch before Depths: true
     0 | D:1      | 0 ||| qw: Lair rune preference: random
     0 | D:1      | 0 ||| qw: Goals: Normal, Zot:1-4, Slime:5, God:TSO, Crypt,
                  | Tomb, Abyss, Pan, Hells, Win
     0 | D:1      | 0 ||| PLANNING D:1-11
    37 | D:1      | 37 ||| Stepping ~*~*~tactically~*~*~ (stealth).
    45 | D:1      | Reached skill level 2 in Axes
    60 | D:1      | 60 ||| Stepping ~*~*~tactically~*~*~ (hiding).
   121 | D:1      | Reached XP level 2. HP: 15/19 MP: 2/2
   296 | D:1      | Reached skill level 3 in Axes
   299 | D:1      | 299 ||| Stepping ~*~*~tactically~*~*~ (hiding).
   301 | D:1      | 301 ||| Stepping ~*~*~tactically~*~*~ (hiding).
   310 | D:1      | 310 ||| Stepping ~*~*~tactically~*~*~ (stealth).
   312 | D:1      | 312 ||| Stepping ~*~*~tactically~*~*~ (hiding).
   315 | D:1      | Reached XP level 3. HP: 23/23 MP: 3/3
   332 | D:1      | 332 ||| FLEEEEING.
   343 | D:1      | 343 ||| Stepping ~*~*~tactically~*~*~ (stealth).
   500 | D:1      | 500 ||| UPGRADING to +0 pair of boots.
   505 | D:1      | 505 ||| UPGRADING to +0 chain mail.
   515 | D:1      | 515 ||| DROPPING +0 scale mail.
   516 | D:1      | 516 ||| READING scroll labelled MEOTOEDGHET.
   517 | D:1      | 517 ||| READING scroll labelled WEOL RYNETHAC.
   709 | D:2      | 709 ||| DROPPING +0 club.
  1262 | D:2      | 1262 ||| UPGRADING to +5 ring of evasion.
  1263 | D:2      | 1263 ||| READING scroll labelled PIVOAP LAIPROL.
  1264 | D:2      | 1264 ||| READING scroll labelled ZAS SIBROOLEV.
  1299 | D:3      | 1299 ||| STAIRDANCE
  1365 | D:3      | 1365 ||| Stepping ~*~*~tactically~*~*~ (hiding).
  1366 | D:3      | 1366 ||| Stepping ~*~*~tactically~*~*~ (hiding).
  1367 | D:3      | 1367 ||| Stepping ~*~*~tactically~*~*~ (hiding).
  1368 | D:3      | 1368 ||| Stepping ~*~*~tactically~*~*~ (hiding).
  1548 | D:3      | 1548 ||| UPGRADING to ring of see invisible.
  1556 | D:3      | Reached XP level 4. HP: 25/28 MP: 4/4
  1587 | D:3      | Reached skill level 4 in Axes
  1662 | D:3      | 1662 ||| DROPPING +0 mace.
  2058 | D:3      | 2058 ||| READING scroll labelled REJUDUNO KUKKO.
  2061 | D:3      | 2061 ||| DRINKING 2 bubbling purple potions.
  2182 | D:4      | HP: 7/28 [gnoll/+0 club (2)]
  2184 | D:4      | HP: 2/28 [gnoll/+0 club (2)]
  2190 | D:4      | Reached XP level 5. HP: 2/32 MP: 5/5
  2337 | D:4      | 2337 ||| Stepping ~*~*~tactically~*~*~ (hiding).
  2339 | D:4      | Noticed Natasha
  2348 | D:4      | Reached skill level 5 in Axes
  2365 | D:4      | Killed Natasha
  2422 | D:4      | Noticed Blork the orc
  2427 | D:4      | Reached XP level 6. HP: 38/38 MP: 6/6
  2431 | D:4      | Killed Blork the orc
  2591 | D:4      | 2591 ||| Stepping ~*~*~tactically~*~*~ (hiding).
  2594 | D:4      | 2594 ||| Stepping ~*~*~tactically~*~*~ (hiding).
  2597 | D:4      | 2597 ||| Stepping ~*~*~tactically~*~*~ (stealth).
  2617 | D:4      | Noticed Natasha
  2618 | D:4      | 2618 ||| Stepping ~*~*~tactically~*~*~ (stealth).
  2621 | D:4      | 2621 ||| Stepping ~*~*~tactically~*~*~ (hiding).
  2623 | D:4      | 2623 ||| Stepping ~*~*~tactically~*~*~ (hiding).
  2628 | D:4      | Killed Natasha
  2700 | D:4      | Noticed Grinder
  2701 | D:4      | 2701 ||| Stepping ~*~*~tactically~*~*~ (stealth).
  2706 | D:4      | Paralysed by Grinder for 5 turns
  2723 | D:4      | Killed Grinder
  2724 | D:4      | Reached skill level 6 in Axes
  2724 | D:4      | Reached XP level 7. HP: 30/43 MP: 7/7
  2837 | D:4      | Found a sacrificial altar of Ru.
  2889 | D:4      | 2889 ||| DROPPING ring of magical power.
  2890 | D:4      | 2890 ||| DRINKING 2 ruby potions.
  2891 | D:4      | 2891 ||| DRINKING 2 metallic green potions.
  2892 | D:4      | 2892 ||| READING 2 scrolls of identify.
  2892 | D:4      | 2892 ||| IDENTIFYING amethyst potion
  2900 | D:5      | Entered Level 5 of the Dungeon
  2923 | D:5      | Reached skill level 1 in Dodging
  3006 | D:5      | Reached skill level 7 in Axes
  3097 | D:5      | 3097 ||| Stepping ~*~*~tactically~*~*~ (stealth).
  3098 | D:5      | 3098 ||| Stepping ~*~*~tactically~*~*~ (stealth).
  3132 | D:5      | Reached XP level 8. HP: 49/49 MP: 8/8
  3324 | D:5      | 3324 ||| Stepping ~*~*~tactically~*~*~ (stealth).
  3356 | D:5      | Noticed qw's ghost (novice DEHu)
  3364 | D:5      | Found a transporter.
  3372 | D:5      | Found a transporter.
  3429 | D:5      | 3429 ||| READING scroll labelled PILIYG NOERA.
  3430 | D:5      | 3430 ||| READING 2 scrolls of identify.
  3430 | D:5      | 3430 ||| IDENTIFYING sedimented inky potion
  3431 | D:5      | 3431 ||| DROPPING potion of brilliance.
  3486 | D:6      | Reached skill level 8 in Axes
  3522 | D:6      | Found Patsaij's Distillery.
  3531 | D:6      | 3531 ||| BUYING 2 potions of attraction (84 gold).
  3531 | D:6      | Bought 2 potions of attraction for 84 gold pieces
  3531 | D:6      | 3531 ||| BUYING 2 potions of heal wounds (140 gold).
  3531 | D:6      | Bought 2 potions of heal wounds for 140 gold pieces
  3531 | D:6      | 3531 ||| SHOPLISTING 2 potions of heal wounds (140 gold,
                  | have 109).
  3531 | D:6      | 3531 ||| BUYING potion of attraction (42 gold).
  3531 | D:6      | Bought a potion of attraction for 42 gold pieces
  3531 | D:6      | 3531 ||| BUYING potion of might (56 gold).
  3531 | D:6      | Bought a potion of might for 56 gold pieces
  3531 | D:6      | 3531 ||| SHOPLISTING potion of mutation (112 gold, have
                  | 11).
  3564 | D:6      | Reached skill level 6 in Fighting
  4064 | D:6      | 4064 ||| Stepping ~*~*~tactically~*~*~ (hiding).
  4161 | D:6      | Reached skill level 9 in Axes
  4161 | D:6      | Reached XP level 9. HP: 52/55 MP: 9/9
  4294 | D:6      | 4294 ||| READING scroll labelled NASTAOM ZEHECIU.
  4295 | D:6      | 4295 ||| READING 5 scrolls of identify.
  4295 | D:6      | 4295 ||| IDENTIFYING metallic blue potion
  4296 | D:6      | 4296 ||| READING 4 scrolls of identify.
  4296 | D:6      | 4296 ||| IDENTIFYING glowing brown potion
  4297 | D:6      | 4297 ||| READING 3 scrolls of identify.
  4297 | D:6      | 4297 ||| IDENTIFYING sapphire potion
  4298 | D:6      | 4298 ||| DROPPING potion of ambrosia.
  4400 | D:7      | 4400 ||| Stepping ~*~*~tactically~*~*~ (stealth).
  4401 | D:7      | 4401 ||| Stepping ~*~*~tactically~*~*~ (stealth).
  4402 | D:7      | 4402 ||| Stepping ~*~*~tactically~*~*~ (stealth).
  4403 | D:7      | 4403 ||| Stepping ~*~*~tactically~*~*~ (stealth).
  4404 | D:7      | 4404 ||| Stepping ~*~*~tactically~*~*~ (stealth).
  4405 | D:7      | 4405 ||| Stepping ~*~*~tactically~*~*~ (stealth).
  4406 | D:7      | 4406 ||| Stepping ~*~*~tactically~*~*~ (stealth).
  4407 | D:7      | 4407 ||| Stepping ~*~*~tactically~*~*~ (stealth).
  4411 | D:7      | 4411 ||| Stepping ~*~*~tactically~*~*~ (hiding).
  4511 | D:7      | HP: 10/57 [steam dragon/ball of steam (8)]
  4512 | D:7      | 4512 ||| READING scroll of teleportation.
  4513 | D:7      | 4513 ||| DRINKING 3 potions of heal wounds.
  4516 | D:7      | Found a staircase to the Ecumenical Temple.
  4516 | D:7      | Noticed Duvessa
  4516 | D:7      | Noticed Dowan
  4517 | D:7      | 4517 ||| PLANNING TEMPLE
  4526 | D:7      | Killed Duvessa
  4529 | D:7      | Killed Dowan
  4533 | D:7      | HP: 14/57 [kobold brigand/+0 club (4)]
  4534 | D:7      | 4534 ||| DRINKING 2 potions of heal wounds.
  4625 | D:7      | 4625 ||| READING scroll labelled PERIUMY ROWOLI.
  4631 | Temple   | Entered the Ecumenical Temple
  4699 | Temple   | 4699 ||| PLANNING OKAWARU WORSHIP
  4932 | Temple   | Became a worshipper of Warmaster Okawaru
  4933 | Temple   | 4933 ||| PLANNING D:1-11
  5011 | D:7      | 5011 ||| DROPPING +0 flail.
  5127 | D:7      | HP: 11/57 [orc priest/divine providence (10)]
  5128 | D:7      | 5128 ||| DRINKING potion of heal wounds.
  5245 | D:7      | 5245 ||| Stepping ~*~*~tactically~*~*~ (stealth).
  5251 | D:7      | 5251 ||| Stepping ~*~*~tactically~*~*~ (stealth).
  5260 | D:7      | Reached skill level 10 in Axes
  5288 | D:7      | Reached * piety under Okawaru
  5289 | D:7      | 5289 ||| INVOKING Heroism.
  5294 | D:7      | Reached skill level 1 in Invocations
  5294 | D:7      | Reached XP level 10. HP: 30/64 MP: 7/11
  5302 | D:7      | 5302 ||| INVOKING Heroism.
  5719 | D:7      | 5719 ||| UPGRADING to +6 ring of strength.
  5721 | D:7      | 5721 ||| DROPPING ring of see invisible.
  5722 | D:7      | 5722 ||| READING scroll labelled KEONIU ROTY.
  5776 | D:8      | 5776 ||| INVOKING Heroism.
  5779 | D:8      | 5779 ||| DRINKING 2 potions of curing.
  5779 | D:8      | 5779 ||| (to cure confusion)
  5782 | D:8      | Reached skill level 3 in Invocations
  5839 | D:8      | 5839 ||| INVOKING Heroism.
  5898 | D:8      | 5898 ||| Stepping ~*~*~tactically~*~*~ (hiding).
  5899 | D:8      | 5899 ||| Stepping ~*~*~tactically~*~*~ (hiding).
  5900 | D:8      | 5900 ||| Stepping ~*~*~tactically~*~*~ (hiding).
  6090 | D:8      | Found a blossoming altar of Fedhas.
  6139 | D:8      | 6139 ||| INVOKING Heroism.
  6140 | D:8      | 6140 ||| Stepping ~*~*~tactically~*~*~ (cloud).
  6147 | D:8      | Reached skill level 1 in Throwing
  6165 | D:8      | 6165 ||| INVOKING Heroism.
  6183 | D:8      | 6183 ||| Stepping ~*~*~tactically~*~*~ (cloud).
  6437 | D:8      | 6437 ||| INVOKING Heroism.
  6551 | D:8      | 6551 ||| DROPPING +1 flail of protection.
  6552 | D:8      | 6552 ||| DROPPING +2 flail of holy wrath.
  6699 | D:8      | Found a bloodstained altar of Trog.
  6839 | D:8      | 6839 ||| UPGRADING to +1 plate armour of poison resistance.
  6849 | D:8      | 6849 ||| DROPPING +0 chain mail.
  6850 | D:8      | 6850 ||| DROPPING +0 plate armour.
  6866 | D:9      | 6866 ||| INVOKING Heroism.
  6876 | D:9      | Reached skill level 6 in Armour
  6924 | D:9      | 6924 ||| DROPPING +2 morningstar of venom.
  7153 | D:9      | Found a runed translucent door.
  7216 | D:9      | 7216 ||| DRINKING 2 potions of curing.
  7216 | D:9      | 7216 ||| (to cure confusion)
  7252 | D:9      | Found a staircase to the Lair.
  7259 | D:9      | Identified the +0 whip "Pasoaryo" {flame, rElec rF++ rCorr
                  | Str-4}
  7260 | D:9      | 7260 ||| Stepping ~*~*~tactically~*~*~ (hiding).
  7261 | D:9      | 7261 ||| Stepping ~*~*~tactically~*~*~ (hiding).
  7307 | D:9      | 7307 ||| Stepping ~*~*~tactically~*~*~ (stealth).
  7310 | D:9      | 7310 ||| Stepping ~*~*~tactically~*~*~ (stealth).
  7367 | D:9      | 7367 ||| DRINKING potion of curing.
  7367 | D:9      | 7367 ||| (to cure confusion)
  7368 | D:9      | 7368 ||| Stepping ~*~*~tactically~*~*~ (hiding).
  7375 | D:9      | 7375 ||| INVOKING Heroism.
  7418 | D:9      | 7418 ||| INVOKING Heroism.
  7423 | D:9      | Reached skill level 11 in Axes
  7601 | D:9      | 7601 ||| SWAPPING to +0 broad axe.
  7612 | D:9      | 7612 ||| DROPPING +1 heavy war axe.
  7701 | D:9      | 7701 ||| Stepping ~*~*~tactically~*~*~ (stealth).
  7702 | D:9      | 7702 ||| Stepping ~*~*~tactically~*~*~ (stealth).
  7703 | D:9      | 7703 ||| Stepping ~*~*~tactically~*~*~ (stealth).
  7715 | D:9      | 7715 ||| INVOKING Heroism.
  7835 | D:9      | 7835 ||| PLANNING LAIR
  7835 | D:9      | 7835 ||| READING 5 scrolls of identify.
  7835 | D:9      | 7835 ||| IDENTIFYING dark potion
  7880 | Lair:1   | Entered Level 1 of the Lair of Beasts
  7881 | Lair:1   | 7881 ||| PLANNING GAUNTLET
  7881 | Lair:1   | 7881 ||| INVOKING Heroism.
  7888 | Lair:1   | Noticed a black mamba
  7898 | Lair:1   | Killed a black mamba
  7899 | Lair:1   | Reached skill level 9 in Fighting
  7899 | Lair:1   | Reached XP level 11. HP: 52/71 MP: 14/14
  7963 | Lair:1   | 7963 ||| Stepping ~*~*~tactically~*~*~ (hiding).
  7964 | Lair:1   | 7964 ||| Stepping ~*~*~tactically~*~*~ (hiding).
  7966 | Lair:1   | 7966 ||| INVOKING Heroism.
  7985 | Lair:1   | Reached ** piety under Okawaru
  7997 | Lair:1   | 7997 ||| INVOKING Heroism.
  8066 | Lair:1   | 8066 ||| Stepping ~*~*~tactically~*~*~ (stealth).
  8076 | Lair:1   | 8076 ||| Stepping ~*~*~tactically~*~*~ (stealth).
  8091 | Lair:1   | 8091 ||| INVOKING Heroism.
  8108 | Lair:1   | Reached skill level 12 in Axes
  8404 | Lair:1   | 8404 ||| RIP GAUNTLET
  8434 | Lair:1   | 8434 ||| PLANNING LAIR
  8443 | Lair:1   | 8443 ||| INVOKING Heroism.
  8471 | Lair:1   | 8471 ||| INVOKING Heroism.
  8485 | Lair:1   | Reached skill level 6 in Shields
  8551 | Lair:1   | 8551 ||| INVOKING Heroism.
  8973 | Lair:1   | 8973 ||| Stepping ~*~*~tactically~*~*~ (stealth).
  8994 | Lair:1   | 8994 ||| READING 2 scrolls labelled EFUATE MAKHLO.
  8995 | Lair:1   | 8995 ||| DROPPING scroll of amnesia.
  9047 | Lair:2   | Noticed a bog body
  9048 | Lair:2   | Found a staircase to the Swamp.
  9048 | Lair:2   | Noticed a bog body
  9050 | Lair:2   | 9050 ||| INVOKING Heroism.
  9054 | Lair:2   | Killed a bog body
  9056 | Lair:2   | HP: 18/72 [wolf (1)]
  9057 | Lair:2   | 9057 ||| READING 2 scrolls of teleportation.
  9058 | Lair:2   | 9058 ||| DRINKING 2 potions of heal wounds.
  9058 | Lair:2   | Mangled by a bog body

Levels and vault maps discovered:
D:1:      tarquinn_simple_flora_water_b, layout_basic
D:2:      layout_basic
D:3:      layout_rooms, serial_glass, glass_columns_a, glass_columns_a,
          glass_columns_c, glass_columns_b, due_unseen_surprise,
          item_on_display_a, kennysheep_doodads, columned_hall_lemuel
D:4:      layout_basic, mainiacjoe_overflow_catwalk, kennysheep_another_room,
          uniq_blork_the_orc, uniq_natasha, uniq_grinder
D:5:      layout_rooms, gammafunk_ghost_arena, hangedman_decor_diamond_cutter,
          st_stairs_14, minmay_crystal_room
D:6:      layout_gridville, serial_shops, shop
D:7:      layout_loops_ring, minmay_temple_entry_glass, uniq_duvessa
D:8:      layout_gridville, fedhas_altar_1, trog_book
D:9:      layout_cave_pods, dpeg_oklobed_lair, lightli_church_of_beogh
Temple:   minmay_temple_bridge_d
Lair:1:   layout_regular_city, gauntlet_entry_generic
Lair:2:   layout_regular_city, skrybe_swamp_entry_bodies

Skill      XL: |  1  2  3  4  5  6  7  8  9 10 11 |
---------------+----------------------------------+-----
Axes           | 2 3 4 5 6 7 9 10 11 12 | 12.0
Fighting       | 4 5 6 7 9 |  9.7
Dodging        | 1 2 |  2.0
Armour         | 4 5 7 8 |  8.0
Shields        | 4 5 6 |  6.0
Invocations    | 1 4 |  4.0
Throwing       | 1 |  1.2

Action                     |  1- 3 |  4- 6 |  7- 9 | 10-12 || total
---------------------------+-------+-------+-------+-------++-------
  Melee: War axe           |   111 |   111 |   303 |   149 ||   674
         Broad axe         |       |       |       |   158 ||   158
  Throw: Boomerang         |       |       |       |     6 ||     6
 Invoke: Heroism           |       |       |     1 |    18 ||    19
    Use: Scroll            |     4 |     1 |     9 |     4 ||    18
         Potion            |       |     1 |     5 |     4 ||    10
   Stab: Confused          |       |       |     1 |       ||     1
 Armour: Scale mail        |    42 |       |       |       ||    42
         Chain mail        |    12 |    66 |   112 |    22 ||   212
         Plate armour      |       |       |       |   126 ||   126
  Dodge: Dodged            |    54 |    61 |   169 |   203 ||   487
  Block: Buckler           |    24 |    22 |    50 |    84 ||   180

Table legend:
 A = Non-vault XP
 B = Vault XP
 C = Vault XP percentage of total XP
 D = Non-vault monster count
 E = Vault monster count
 F = Vault count percentage of total count
                 A         B        C        D         E       F
            +---------+---------+-------+---------+---------+-------
      Total |   13525 |    1396 |   9.4 |     237 |       7 |   2.9
            +---------+---------+-------+---------+---------+-------
        D:1 |      48 |       0 |   0.0 |      29 |       0 |   0.0
        D:2 |      27 |       0 |   0.0 |       9 |       0 |   0.0
        D:3 |      51 |       0 |   0.0 |      15 |       0 |   0.0
        D:4 |     228 |     385 |  62.8 |      23 |       3 |  11.5
        D:5 |     593 |      88 |  12.9 |      19 |       1 |   5.0
        D:6 |    1099 |       0 |   0.0 |      18 |       0 |   0.0
        D:7 |    2393 |     214 |   8.2 |      36 |       2 |   5.3
        D:8 |    1418 |       0 |   0.0 |      20 |       0 |   0.0
        D:9 |    1626 |       0 |   0.0 |      40 |       0 |   0.0
     Lair:1 |    6042 |       0 |   0.0 |      28 |       0 |   0.0
     Lair:2 |       0 |     709 | 100.0 |       0 |       1 | 100.0
            +---------+---------+-------+---------+---------+-------
